 Dungeon Crawl Stone Soup version 0.30-a0-457-g4b7bca3bfa (webtiles) character file.

Game seed: 1931418274051066826

2019 Adrian566 the Carver (level 9, 0/65 HPs)
             Began as a Demonspawn Gladiator on Dec 12, 2022.
             Was an Initiate of Gozag.
             Slain by an orc warrior
             ... wielding a +0 scimitar
              (4 damage)
             ... on level 6 of the Dungeon.
             The game lasted 00:05:26 (6145 turns).

Adrian566 the Carver (Demonspawn Gladiator)         Turns: 6145, Time: 00:05:27

Health: 0/65       AC:  7    Str: 14    XL:     9   Next: 3%
Magic:  9/9        EV: 14    Int:  9    God:    Gozag
Gold:   224        SH:  0    Dex: 20    Spells: 8/8 levels left

rFire   . . .      SeeInvis .    a - +0 long sword
rCold   . . .      Faith    .    (no shield)
rNeg    . . .      Spirit   .    b - +0 leather armour
rPois   .          Reflect  .    (helmet restricted)
rElec   .          Harm     .    (no cloak)
rCorr   .          Rampage  .    n - +0 pair of gloves
Will    .....      Clarity  +    (no boots)
Stlth   ++........               (no amulet)
HPRegen 0.30/turn                (no ring)
MPRegen 0.22/turn                (no ring)

@: gold aura, invisible, unable to drink
A: antennae 2, yellow scales 2, powered by death 1, magic regeneration, talons
1, clarity, inability to drink after injury 1
a: Renounce Religion, Potion Petition, Call Merchant, Bribe Branch


You were on level 6 of the Dungeon.
You worshipped Gozag.
Gozag was aware of your devotion.
You visited 2 branches of the dungeon, and saw 8 of its levels.

You collected 301 gold pieces.
You paid 77 gold pieces to Gozag.

Inventory:

Hand Weapons
 a - a +0 long sword (weapon)
Missiles
 d - 3 throwing nets (quivered)
 e - a javelin
Armour
 b - a +0 leather armour (worn)
 c - a +0 helmet
 n - a +0 pair of gloves (worn)
Jewellery
 u - a ring of protection from fire
Wands
 o - a wand of polymorph (3)
Scrolls
 g - a scroll of brand weapon
 h - 2 scrolls of amnesia
 j - a scroll of silence
 k - a scroll of butterflies
 l - a scroll of magic mapping
 p - 2 scrolls of teleportation
 q - a scroll of noise
 t - a scroll of poison
Potions
 f - a potion of invisibility
 i - 2 potions of curing
 m - a potion of cancellation
 s - 2 potions of heal wounds {unknown}
 v - 2 potions of brilliance {unknown}


   Skills:
 + Level 4.2 Fighting
 * Level 9.1 Long Blades
 + Level 1.7 Throwing
 + Level 3.4 Armour
 + Level 4.6 Dodging
 + Level 1.2 Stealth


You had 8 spell levels left.
You didn't know any spells.
Your spell library contained the following spells:

 Spells                   Type           Power      Damage    Failure   Level
 Apportation              Tloc           0%         N/A       45%         1
 Necrotise                Necr           0%         1d4       45%         1
 Summon Small Mammal      Summ           0%         N/A       45%         1
 Dazzling Flash           Conj/Hex       0%         N/A       83%         3
 Agony                    Necr           0%         N/A       100%        5
 Silence                  Hex/Air        0%         N/A       100%        5


Dungeon Overview and Level Annotations

Branches:
Dungeon (7/15)             Temple (1/1) D:6

Altars:
Ashenzari
Cheibriados
Dithmenos
Fedhas
Gozag
Hepliaklqana
Makhleb
Nemelex Xobeh
Okawaru
Qazlal
Ru
Sif Muna
Trog
Uskayaw
Vehumet
Xom
Yredelemnul

Shops:
D:1 [   D:6 (


Innate Abilities, Weirdness & Mutations

You have a pair of antennae on your head.
You are mostly covered in yellow scales. (AC +3)
You regenerate a little health from kills.
You regenerate magic rapidly.
You have sharp toenails.
You possess an exceptional clarity of mind.
You occasionally lose the ability to drink potions when taking damage.


Message History

The orc warrior misses you. The orc hits you but does no damage.
You barely miss the orc warrior. Your kick misses the orc warrior.
The orc warrior is lightly wounded.
The orc warrior hits you with a +0 scimitar.
* * * LOW HITPOINT WARNING * * *
The orc closely misses you.
You barely miss the orc warrior. Your kick misses the orc warrior.
The orc warrior is lightly wounded.
The orc warrior closely misses you.
You hit the orc warrior but do no damage.
The orc warrior is lightly wounded.
The orc warrior closely misses you.
You strike the helpless orc warrior from behind!
You hit the orc warrior but do no damage.
You claw the orc warrior.
The orc warrior is lightly wounded.
The orc hits you but does no damage.
You slash the orc!
You kill the orc!
The orc warrior hits you with a +0 scimitar.
* * * LOW HITPOINT WARNING * * *
There is a stone staircase leading down, spattered with blood here.
Things that are here:
5 gold pieces; a +2 dagger of pain You strike the helpless orc warrior from behind!
You hit the orc warrior. Your kick misses the orc warrior.
The orc warrior is moderately wounded.
The orc warrior barely misses you.
You catch the helpless orc warrior completely off-guard!
You hit the orc warrior. Your kick misses the orc warrior.
The orc warrior is moderately wounded.
The orc warrior hits you with a +0 scimitar!
You feel threatened and lose the ability to drink potions!
* * * LOW HITPOINT WARNING * * *
You hit the orc warrior.
You claw the orc warrior, but do no damage.
The orc warrior is heavily wounded.
The orc warrior hits you with a +0 scimitar.
You die...
Your body crumbles into a pile of gold.

######..#######.....#...
#........<......###.....
#.####..#...##### ##....
#.# #.....).## ##... #.#
#........######..## #.#
#.........##......# #.#
#..........>.#..... #<#
#o.........###..... #.#
##@......#.###.....
####.#
##>....##.##.....#
#....# ##..........#..##
#.#### #######.#####...
#.# #.# ##.... #.#
#########.# #..... #.#
#.........# #.#... #.#
#.######### #.##.. #.#
#.# ##.#...


You could see an orc warrior (unable to see you).

Vanquished Creatures
  2 vampire mosquitoes (D:6)
  Menkaure (D:4)
  A water moccasin (D:6)
  4 black bears
  2 sky beasts
  2 ogres
  A centaur (D:5)
  2 bullfrogs (D:6)
  2 necrophages
  3 scorpions
  2 hounds
  Natasha (thrice) (D:4)
  An iguana (D:4)
  An orc wizard (D:4)
  Robin (D:4)
  6 adders
  A worm (D:4)
  8 orcs
  5 ball pythons
  5 bats
  3 endoplasms (D:1)
  2 giant cockroaches
  8 hobgoblins
  4 jackals (D:4)
  3 quokkas
  A frilled lizard (D:1)
  14 goblins
  6 kobolds
  4 rats
98 creatures vanquished.

Notes
Turn   | Place    | Note
-------+----------+-------------------------------------------
     0 | D:1      | Adrian566 the Demonspawn Gladiator began the quest for the
                  | Orb.
     0 | D:1      | Reached XP level 1. HP: 16/16 MP: 1/1
    43 | D:1      | Found a faded altar of an unknown god.
   141 | D:1      | Reached skill level 3 in Long Blades
   359 | D:1      | Gained mutation: You are partially covered in yellow
                  | scales. (AC +2) [demonic ancestry]
   359 | D:1      | Reached XP level 2. HP: 22/22 MP: 2/2
   584 | D:1      | Found Melit's Antique Armour Emporium.
  1214 | D:2      | Gained mutation: You have a pair of small antennae on your
                  | head. [demonic ancestry]
  1214 | D:2      | Reached XP level 3. HP: 27/27 MP: 3/3
  2152 | D:3      | Found a hide-covered altar of Uskayaw.
  2355 | D:4      | Noticed a black bear
  2355 | D:4      | Noticed a black bear
  2380 | D:4      | Gained mutation: You occasionally lose the ability to drink
                  | potions when taking damage. [potion of mutation]
  2477 | D:4      | Killed a black bear
  2478 | D:4      | Reached skill level 4 in Long Blades
  2478 | D:4      | Reached skill level 1 in Armour
  2478 | D:4      | Reached XP level 4. HP: 14/34 MP: 4/4
  2478 | D:4      | Gained mutation: You regenerate a little health from kills.
                  | [demonic ancestry]
  2478 | D:4      | Reached XP level 5. HP: 16/39 MP: 5/5
  2574 | D:4      | Killed a black bear
  2760 | D:4      | Noticed Robin
  2799 | D:4      | Killed Robin
  2800 | D:4      | Reached skill level 5 in Long Blades
  2853 | D:4      | Reached XP level 6. HP: 21/46 MP: 6/6
  3096 | D:4      | Noticed Menkaure
  3115 | D:4      | Killed Menkaure
  3229 | D:4      | Gained mutation: You have a pair of antennae on your head.
                  | [demonic ancestry]
  3229 | D:4      | Reached XP level 7. HP: 28/52 MP: 7/7
  3236 | D:4      | Reached skill level 6 in Long Blades
  3441 | D:4      | Noticed Natasha
  3454 | D:4      | Killed Natasha
  3577 | D:4      | Noticed Natasha
  3583 | D:4      | Killed Natasha
  3772 | D:4      | Noticed Natasha
  3792 | D:4      | Killed Natasha
  3946 | D:5      | Entered Level 5 of the Dungeon
  4122 | D:5      | Reached skill level 7 in Long Blades
  4291 | D:5      | Gained mutation: You are mostly covered in yellow scales.
                  | (AC +3) [demonic ancestry]
  4291 | D:5      | Reached XP level 8. HP: 53/58 MP: 8/8
  4897 | D:5      | Lost mutation: You occasionally lose the ability to drink
                  | potions when taking damage. [potion of mutation]
  4897 | D:5      | Gained mutation: You have sharp toenails. [potion of
                  | mutation]
  4897 | D:5      | Gained mutation: You occasionally lose the ability to drink
                  | potions when taking damage. [potion of mutation]
  4897 | D:5      | Gained mutation: You possess an exceptional clarity of
                  | mind. [potion of mutation]
  4946 | D:6      | Found a staircase to the Ecumenical Temple.
  4963 | D:6      | Reached skill level 1 in Stealth
  5015 | Temple   | Entered the Ecumenical Temple
  5237 | Temple   | Became a worshipper of Gozag Ym Sagoz the Greedy
  5349 | D:6      | Found Jowuokh's Weapon Emporium.
  5358 | D:6      | Reached skill level 8 in Long Blades
  5900 | D:6      | Found a blossoming altar of Fedhas.
  6077 | D:7      | Reached skill level 9 in Long Blades
  6082 | D:7      | Gained mutation: You regenerate magic rapidly. [demonic
                  | ancestry]
  6082 | D:7      | Reached XP level 9. HP: 53/65 MP: 9/9
  6145 | D:6      | Slain by an orc warrior

Illustrated notes

Levels and vault maps discovered:
D:1:      dpeg_arrival_orchard, layout_loops_cross, serial_shops,
          nicolae_shop_behind_doors, hellmonk_ecumenical_altar_heavens_door,
          chequers_serial_rivers_micro_c
D:2:      kennysheep_big_flooded_room, layout_basic
D:3:      layout_loops_corners, mainiacjoe_overflow_24_doors
D:4:      layout_basic, uniq_natasha, uniq_menkaure, uniq_robin
D:5:      layout_basic
D:6:      nicolae_cairo_tiling_large_dashed, layout_loops_ring, fedhas_altar_1,
          serial_shops, nicolae_shop_hallway_plus
D:7:      layout_rooms, minivault_22
Temple:   minmay_crystal_spiral_temple

Skill      XL: |  1  2  3  4  5  6  7  8 |
---------------+-------------------------+-----
Long Blades    | 3 4 5 7 9 |  9.1
Armour         | 1 2 3 |  3.4
Dodging        | 3 4 |  4.6
Fighting       | 3 4 |  4.2
Stealth        | 1 |  1.2
Throwing       | |  1.7

Action                   |  1- 3 |  4- 6 |  7- 9 || total
-------------------------+-------+-------+-------++-------
Melee: Long sword        |   111 |   129 |   210 ||   450
       Punch             |       |     2 |     1 ||     3
       Kick              |       |       |    23 ||    23
  Use: Potion            |     6 |     5 |     4 ||    15
       Scroll            |     5 |     1 |     6 ||    12
 Stab: Sleeping          |       |       |     2 ||     2
       Distracted        |       |       |     1 ||     1
       Invisible         |       |       |     4 ||     4
Armor: Leather armour    |    73 |    42 |    74 ||   189
       Skin              |       |       |    30 ||    30
Dodge: Dodged            |   141 |   100 |   155 ||   396

Table legend: (Time is in decaauts)
 A = Elapsed time spent in this place.
 B = Non-inter-level travel time spent in this place.
 C = Inter-level travel time spent in this place.
 D = Time resting spent in this place.
 E = Time spent auto-exploring this place.
 F = Levels seen in this place.
 G = Mean time per level.
                   A        B        C        D        E       F      G
               +--------+--------+--------+--------+--------+-----+--------+
         Total |   6203 |   5937 |    266 |     26 |   4898 |   8 |  775.4 |
       Dungeon |   5897 |   5712 |    185 |     26 |   4700 |   7 |  842.4 |
        Temple |    306 |    225 |     81 |      0 |    198 |   1 |  306.0 |
               +--------+--------+--------+--------+--------+-----+--------+

Top non-repeatable levels by time:
     D:4: 1616 daAuts
     D:5: 1006 daAuts
     D:6: 876 daAuts
     D:2: 835 daAuts
     D:3: 802 daAuts
     D:1: 746 daAuts
  Temple: 306 daAuts
     D:7: 16 daAuts
